 Dungeon Crawl Stone Soup version 0.16.0-16-g311141a (webtiles) character file.

9364 Leybi the Cleaver (level 11, -10/99 HPs)
             Began as a Minotaur Fighter on Mar 19, 2015.
             Was an Elder of Okawaru.
             Mangled by a nine-headed hydra (12 damage)
             ... on level 11 of the Dungeon.
             The game lasted 00:39:11 (8513 turns).

Leybi the Cleaver (Minotaur Fighter)                Turns: 8513, Time: 00:39:14

Health: -10/99     AC: 19    Str: 27    XL:     11   Next: 22%
Magic:  4/4        EV: 10    Int:  9    God:    Okawaru [****..]
Gold:   542        SH: 12    Dex: 10    Spells: 0 memorised, 10 levels left

rFire  . . .     SeeInvis .     a - +0 war axe
rCold  . . .     Clarity  .     O - +3 chain mail
rNeg   + . .     SustAb   .     c - +0 shield
rPois  .         Gourm    .     v - +2 hat
rElec  .         Spirit   .     (no cloak)
rCorr  .         Warding  .     m - +1 pair of gloves {Str+3}
rMut   .         Stasis   .     (no boots)
MR     .....                    (no amulet)
Stlth  ..........               r - ring of positive energy
                                b - +4 ring of intelligence

@: flying, very slightly contaminated, invisible, not resistant to hostile
enchantments, extremely unstealthy
A: retaliatory headbutt, horns 2
a: Heroism, Renounce Religion


You were on level 11 of the Dungeon.
You worshipped Okawaru.
Okawaru was greatly pleased with you.
You were not hungry.

You visited 2 branches of the dungeon, and saw 12 of its levels.

You collected 542 gold pieces.

Inventory:

Hand weapons
 a - a +0 war axe (weapon)
Armour
 c - a +0 shield (worn)
 m - a +1 pair of gloves of strength (worn)
 p - a +0 chain mail
 v - a +2 hat (worn)
 O - a +3 chain mail (worn)
Jewellery
 b - a +4 ring of intelligence (left hand)
 k - a cursed ring of protection from magic {unknown}
 r - a ring of positive energy (right hand)
 u - a cursed ring of loudness {unknown}
 A - an uncursed ring of flight {unknown}
 D - an uncursed ring of see invisible {unknown}
 E - an uncursed ring of magical power {unknown}
 I - an uncursed amulet of resist corrosion {unknown}
 L - an uncursed ring of teleport control {unknown}
 M - an uncursed amulet of clarity {unknown}
Magical devices
 B - a wand of frost (25)
 N - a wand of magic darts (21)
 X - a wand of confusion (20)
 Y - a wand of lightning (5)
Scrolls
 f - 2 scrolls of immolation {unknown}
 h - 2 scrolls of noise {unknown}
 n - 5 scrolls of remove curse {unknown}
 s - a scroll of fear {unknown}
 t - 5 scrolls of identify {unknown}
 w - a scroll of summoning {unknown}
 C - 4 scrolls of blinking {unknown}
 H - 3 scrolls of recharging {unknown}
 J - a scroll of enchant weapon {unknown}
 K - a scroll of amnesia {unknown}
 Q - 2 scrolls of teleportation {unknown}
 T - a scroll of fog {unknown}
Potions
 e - 2 potions of might
 j - 3 potions of agility {unknown}
 l - a potion of degeneration {unknown}
 o - a potion of flight
 x - a potion of berserk rage {unknown}
 z - 2 potions of curing
 F - a potion of heal wounds {unknown}
 G - a potion of restore abilities {unknown}
 P - a potion of invisibility
 V - a potion of mutation {unknown}
Books
 y - Fefunesh's Disquisition on Confrontation
   (You found it on level 10 of the Dungeon)

   Spells                             Type                      Level
   a - Shock                          Conjuration/Air              1
   b - Sting                          Conjuration/Poison           1
   c - Irradiate                      Conjuration/Transmutation    5
   d - Bolt of Cold                   Conjuration/Ice              6
 R - a book of Maledictions

   Spells                             Type                      Level
   a - Corona                         Hexes                        1
   b - Sure Blade                     Hexes/Charms                 2
   c - Ensorcelled Hibernation        Hexes/Ice                    2
   d - Confuse                        Hexes                        3
   e - Dazzling Spray                 Conjuration/Hexes            3
   f - Enslavement                    Hexes                        4
 S - a book of Annihilations {highlevel, unknown}

   This book is beyond your current level of understanding.

   Spells                             Type                      Level
   a - Poison Arrow                   Conjuration/Poison           6
   b - Chain Lightning                Conjuration/Air              8
   c - Lehudib's Crystal Spear        Conjuration/Earth            8
   d - Glaciate                       Conjuration/Ice              9
   e - Fire Storm                     Conjuration/Fire             9
Comestibles
 d - 8 bread rations
 g - 3 meat rations
 i - a slice of pizza
 q - 4 beef jerkies
 U - 10 royal jellies


   Skills:
 + Level 9.7 Fighting
 + Level 11.4 Axes
 + Level 9.9 Armour
 + Level 6.4 Dodging
 + Level 1.7 Stealth
 + Level 10.2 Shields


You had 10 spell levels left.
You didn't know any spells.

Dungeon Overview and Level Annotations

Branches:
Dungeon (11/15)            Temple (1/1) D:7            Lair (0/8) D:11
    Orc: D:9-12

Altars:
Cheibriados
Dithmenos
Fedhas
Gozag
Kikubaaqudgha
Nemelex Xobeh
Okawaru
Qazlal
Sif Muna
Vehumet
Xom
Zin
The Shining One

Shops:
D:5 %   D:7 *   D:10 (


Innate Abilities, Weirdness & Mutations

You reflexively headbutt those who attack you in melee.
You have a pair of horns on your head.


Message History

The nine-headed hydra barely misses you.
The nine-headed hydra bites you but does no damage.
The nine-headed hydra bites you.
* * * LOW HITPOINT WARNING * * *
You block the nine-headed hydra's attack.
You are very lightly contaminated with residual magic.
Drink which item? (? for menu, Esc to quit)
It was a potion of flight.
You feel very buoyant.
You fly up into the air.
The nine-headed hydra barely misses you.
You furiously retaliate!
You headbutt the nine-headed hydra!
The nine-headed hydra bites you but does no damage.
You block the nine-headed hydra's attack.
The nine-headed hydra misses you.
The nine-headed hydra barely misses you.
The nine-headed hydra closely misses you.
You block the nine-headed hydra's attack.
The nine-headed hydra bites you!
You die...

...............
................
..$............#
......%........#
...............#
......?........# ##
...............# ..
...............####.#
..............ZD@...#
...............######
.................#
...............#.#
............>..#...
...............# #.#
...............# .#
.........(.....#
.).............#


You could see a nine-headed hydra and a centaur skeleton.

Vanquished Creatures
  A hydra (D:11)
  An unseen horror (D:11)
  The ghost of heinrich the Magician, an experienced NaWr of Cheibriados (D:7)
  Pikel (D:7)
  A hill giant (D:10)
  A cyclops (D:11)
  Joseph (D:7)
  A troll (D:11)
  Grinder (D:3)
  A wraith (D:11)
  A deep elf mage (D:9)
  3 hippogriffs
  2 hungry ghosts
  Menkaure (D:5)
  A soldier ant (D:10)
  2 ice beasts
  A black bear (D:8)
  A sky beast (D:5)
  An eye of draining (D:11)
  A necrophage (D:10)
  6 orc warriors
  A crocodile (D:8)
  3 ogres
  3 centaurs
  Duvessa (D:7)
  2 big kobolds
  A wyvern zombie (D:9)
  8 giant frogs
  3 killer bees (D:9)
  A scorpion (D:5)
  3 wights (D:9)
  Dowan (D:7)
  3 crimson imps
  6 jellies
  2 goliath beetles (D:6)
  8 hounds
  A quasit (D:7)
  2 giant frog zombies
  3 iguanas
  6 giant frog skeletons
  3 orc priests
  5 orc wizards
  6 worker ants
  Ijyb (D:7)
  Jessica (D:2)
  2 hound skeletons
  Robin (D:2)
  7 gnolls
  9 adders
  2 shadow imps
  4 worms
  2 adder skeletons
  5 oozes (D:9)
  27 orcs
  19 goblins
  23 hobgoblins
  11 jackals
  4 quokkas
  12 bats
  5 giant cockroaches
  5 giant geckos
  A giant gecko skeleton (D:8)
  4 giant newts
  19 kobolds
  A quokka skeleton (D:4)
  12 rats
279 creatures vanquished.

Vanquished Creatures (others)
  A giant spore (D:7)
1 creature vanquished.

Grand Total: 280 creatures vanquished

Notes
Turn   | Place    | Note
--------------------------------------------------------------
     0 | D:1      | Leybi, the Minotaur Fighter, began the quest for the Orb.
     0 | D:1      | Reached XP level 1. HP: 19/19 MP: 1/1
   119 | D:1      | Reached skill level 4 in Fighting
   470 | D:1      | Reached XP level 2. HP: 27/27 MP: 1/1
   850 | D:2      | Reached XP level 3. HP: 20/33 MP: 2/2
  1360 | D:2      | Noticed Robin
  1367 | D:2      | Killed Robin
  1367 | D:2      | Reached XP level 4. HP: 32/41 MP: 2/2
  1551 | D:2      | Noticed Jessica
  1555 | D:2      | Killed Jessica
  1555 | D:2      | Reached skill level 1 in Dodging
  1611 | D:2      | Found a deep blue altar of Sif Muna.
  2169 | D:3      | Noticed Grinder
  2176 | D:3      | Paralysed by Grinder for 4 turns
  2191 | D:3      | Killed Grinder
  2191 | D:3      | Reached skill level 5 in Armour
  2191 | D:3      | Reached XP level 5. HP: 32/47 MP: 2/2
  2191 | D:3      | Reached XP level 6. HP: 37/55 MP: 3/3
  2342 | D:3      | Reached skill level 5 in Fighting
  2817 | D:4      | Reached skill level 5 in Shields
  3059 | D:4      | Reached skill level 6 in Armour
  3067 | D:4      | Reached XP level 7. HP: 22/61 MP: 3/3
  3672 | D:5      | Entered Level 5 of the Dungeon
  3720 | D:5      | Reached skill level 5 in Axes
  3770 | D:5      | Found Froix's Food Shoppe.
  3905 | D:5      | Noticed Menkaure
  3908 | D:5      | Killed Menkaure
  4134 | D:5      | Reached XP level 8. HP: 60/70 MP: 3/3
  4303 | D:6      | Reached skill level 7 in Armour
  4627 | D:6      | Found a shimmering altar of Xom.
  4632 | D:6      | Found a shimmering altar of Xom.
  4632 | D:6      | Found a shimmering altar of Xom.
  5046 | D:7      | Noticed heinrich's ghost (experienced NaWr)
  5086 | D:7      | Killed heinrich's ghost
  5146 | D:7      | Reached XP level 9. HP: 61/79 MP: 4/4
  5221 | D:7      | Noticed Pikel
  5235 | D:7      | Killed Pikel
  5235 | D:7      | Reached skill level 8 in Axes
  5261 | D:7      | Found a staircase to the Ecumenical Temple.
  5262 | D:7      | Noticed Duvessa
  5265 | D:7      | Noticed Joseph
  5266 | D:7      | Noticed Dowan
  5293 | D:7      | Killed Duvessa
  5324 | D:7      | Killed Dowan
  5349 | D:7      | Killed Joseph
  5464 | D:7      | Reached skill level 9 in Axes
  5528 | D:7      | Reached skill level 5 in Dodging
  5561 | D:7      | Noticed Ijyb
  5566 | D:7      | Killed Ijyb
  5638 | Temple   | Entered the Ecumenical Temple
  5681 | Temple   | Became a worshipper of Warmaster Okawaru
  5702 | D:7      | Found Maqeizi's Assorted Antiques.
  5959 | D:8      | Reached skill level 1 in Stealth
  6094 | D:8      | Found a glowing golden altar of the Shining One.
  6324 | D:8      | Acquired Okawaru's first power
  6324 | D:8      | Reached XP level 10. HP: 82/88 MP: 4/4
  6849 | D:9      | Reached skill level 10 in Axes
  6946 | D:9      | Found a radiant altar of Vehumet.
  6946 | D:9      | Found a sparkling altar of Nemelex Xobeh.
  7337 | D:9      | Found an opulent altar of Gozag.
  7338 | D:9      | Found a glowing silver altar of Zin.
  7450 | D:10     | Entered Level 10 of the Dungeon
  7698 | D:10     | Noticed a hill giant
  7712 | D:10     | Killed a hill giant
  7745 | D:10     | Identified Fefunesh's Disquisition on Confrontation (You found it on level 10 of the Dungeon)
  7779 | D:10     | Found Cluamafe's Weapon Boutique.
  7855 | D:11     | Reached skill level 11 in Axes
  7932 | D:11     | Noticed a cyclops
  7939 | D:11     | Killed a cyclops
  8022 | D:11     | Noticed a six-headed hydra
  8032 | D:11     | Killed a 11-headed hydra
  8032 | D:11     | Reached skill level 10 in Shields
  8032 | D:11     | Reached XP level 11. HP: 33/97 MP: 4/4
  8220 | D:11     | Found a staircase to the Lair.
  8271 | D:11     | Killed an unseen horror
  8493 | D:11     | Noticed a four-headed hydra
  8512 | D:11     | HP: 3/99 [nine-headed hydra (9)]
  8513 | D:11     | Mangled by a nine-headed hydra

Action                   |  1- 3 |  4- 6 |  7- 9 | 10-12 || total
-------------------------+-------+-------+-------+-------++-------
Melee: War axe           |    68 |   111 |   238 |   264 ||   681
       Unarmed           |       |       |     1 |       ||     1
  Use: Potion            |       |       |       |     3 ||     3
 Stab: Distracted        |       |       |     1 |       ||     1
  Eat: Chunk             |     1 |     6 |    11 |     8 ||    26
